Map: New Repugnancy LE

Players

firefly - Winner!

  • Race: Protoss Protoss
  • League: Gold
  • Spawn Location: 7:00

Has

  • Race: Protoss Protoss
  • Spawn Location: 1:00

Event: 2019 WCS Winter Americas

VOD

Have the link to the VOD?

Description

Time

  • Played on: Feb. 10, 2019, 2:57 p.m.
  • Length: 12:47

All games in this series

Show
View Real Time Build Order
Export as new Build Order

firefly Protoss - Winner!

Build Orders: Phoenix Opening 

Get SALT Encoding   

  12  0:00  Probe  
  13  0:13  Probe  
  14  0:17  Pylon  
  14  0:25  Probe  
  15  0:35  Probe, Gateway  
  16  0:43  Probe  
  16  0:48  Assimilator  
  17  0:53  Assimilator, Probe  
  18  1:06  Probe  
  19  1:13  Zealot  
  23  2:05  Probe  
  23  2:07  Pylon  
  22  2:18  Probe  
  23  2:24  Cybernetics Core  
  23  2:30  Probe  
  23  2:36  Pylon  
  24  2:42  Probe  
  25  2:54  Probe  
  26  3:00  Warp Gate  
  26  3:03  Sentry  
  29  3:13  Assimilator  
  28  3:23  Nexus  
  30  3:41  Robotics Facility  
  28  3:47  Phoenix, Shield Battery  
  28  3:49  Gateway  
  28  3:56  Gateway  
  28  4:00  Probe  
  29  4:06  Stalker  
  29  4:09  Gateway  
  31  4:19  Probe, Warp Prism  
  32  4:31  Probe  
  35  4:40  Probe  
  35  4:43  Probe  
  37  4:48  Sentry  
  37  4:51  Sentry  
  37  4:52  Probe  
  42  4:53  Pylon  
  42  4:55  Probe  
  43  5:04  Probe  
  43  5:05  Stalker  
  46  5:07  Probe  
  46  5:11  Observer  
  46  5:16  Probe  
  47  5:23  Probe  
  47  5:25  Stalker x2  
  47  5:28  Probe  
  53  5:35  Probe  
  52  5:36  Stalker  
  52  5:40  Probe  
  55  5:47  Probe  
  56  5:52  Stalker x2  
  60  6:08  Stalker  
  62  6:12  Probe  
  62  6:20  Pylon  
  62  6:25  Pylon  
  62  6:29  Twilight Council  
  62  6:38  Probe  
  62  6:39  Adept x3  
  69  6:43  Immortal, Pylon  
  70  6:54  Probe x2  
  75  7:06  Probe x2  
  77  7:16  Gateway  
  77  7:17  Assimilator, Gateway  
  77  7:19  Assimilator  
  77  7:22  Blink  
  77  7:24  Pylon  
  77  7:25  Shield Battery  
  77  7:37  Probe x2  
  79  7:51  Immortal  
  79  8:11  Stalker x3  
  83  8:28  Stalker x2  
  87  8:36  Immortal  
  87  8:38  Pylon  
  87  8:40  Pylon  
  91  8:54  Pylon  
  83  9:05  Stalker x2  
  87  9:14  Stalker  
  87  9:15  Pylon  
  87  9:39  Stalker  
  87  9:40  Stalker x4  
  97  10:02  Charge  
  97  10:05  Zealot x2, Gateway  
  97  10:06  Zealot x3  
  107  10:08  Gateway  
  92  10:30  Stalker x5  
  95  11:12  Pylon x2  
  95  11:21  Pylon  
  95  11:23  Probe  
  83  11:26  Zealot  
  83  11:27  Zealot  
  75  11:34  Stalker x3  
  75  11:35  Probe  
  70  11:47  Probe  
  70  11:49  Stalker x2  
  71  11:58  Stalker x2  
  71  11:59  Probe  
  66  12:09  Zealot  
Show
View Real Time Build Order
Export as new Build Order

Has Protoss 

Build Orders:  

Get SALT Encoding   

  12  0:00  Probe  
  13  0:13  Probe  
  14  0:18  Pylon  
  14  0:25  Probe  
  15  0:36  Forge  
  15  0:40  Probe  
  16  0:54  Pylon  
  16  0:59  Pylon  
  16  1:05  Pylon  
  16  1:14  Photon Cannon  
  16  1:28  Photon Cannon  
  16  1:31  Probe  
  17  1:42  Pylon  
  17  1:43  Probe  
  17  1:44  Pylon  
  17  1:53  Probe  
  18  2:00  Assimilator  
  18  2:07  Gateway  
  18  2:10  Probe  
  19  2:21  Probe  
  20  2:23  Assimilator  
  20  2:29  Assimilator, Probe  
  21  2:37  Probe, Pylon  
  22  2:48  Probe  
  23  2:54  Cybernetics Core  
  23  3:00  Probe  
  24  3:12  Probe  
  25  3:22  Pylon  
  26  3:30  Stalker  
  26  3:31  Warp Gate  
  27  3:43  Nexus  
  27  3:48  Probe  
  28  3:55  Adept  
  28  4:00  Stargate  
  30  4:04  Probe  
  31  4:16  Probe  
  32  4:21  Adept  
  32  4:25  Pylon  
  35  4:35  Oracle  
  35  4:38  Gateway  
  36  4:47  Gateway  
  36  4:51  Pylon  
  36  4:56  Probe  
  37  5:01  Shield Battery  
  37  5:04  Oracle  
  38  5:12  Gateway  
  40  5:22  Probe x2  
  42  5:34  Probe x2  
  44  5:41  Twilight Council  
  44  5:47  Probe x2  
  46  5:50  Blink  
  46  5:53  Phoenix  
  46  5:54  Pylon  
  47  6:09  Protoss Ground Weapons Level 1  
  47  6:22  Nexus  
  44  6:32  Pylon  
  44  6:39  Stalker  
  46  6:40  Stalker x2  
  46  6:41  Probe  
  46  6:46  Probe  
  51  7:07  Stalker x3  
  55  7:10  Probe  
  55  7:14  Shield Battery  
  54  7:34  Stalker x2  
  58  7:38  Stalker  
  58  7:41  Probe  
  58  8:00  Stalker x2  
  58  8:06  Probe  
  58  8:09  Probe  
  58  8:12  Protoss Ground Weapons Level 2  
  60  8:13  Probe  
  60  8:15  Charge  
  61  8:29  Gateway  
  61  8:30  Gateway  
  61  8:37  Probe  
  61  8:40  Probe  
  63  8:49  Probe  
  63  8:55  Probe  
  61  9:06  Zealot  
  61  9:07  Zealot x2  
  61  9:09  Gateway  
  66  9:11  Gateway  
  66  9:12  Probe  
  66  9:14  Probe  
  67  9:29  Zealot x2  
  67  9:30  Zealot x2  
  75  9:34  Probe  
  70  9:43  Templar Archives  
  70  9:45  Pylon  
  70  9:52  Zealot x2  
  71  10:00  Stalker x2  
  75  10:12  Zealot x3  
  79  10:26  High Templar  
  79  10:40  Pylon  
  74  11:04  Pylon  
  74  11:05  Pylon  
  74  11:06  Pylon  
  74  11:10  Pylon  
  60  11:41  Gateway  
  60  11:42  Gateway x2  
  33  12:21  Gateway  
  33  12:22  Gateway  
  33  12:36  Zealot  
  33  12:37  Zealot x2  
Tags
 
Add a new tag
Caveats
  • Supply blocks, unpowered buildings, or Contaminate may cause inaccurate times.
  • Supply counts are checked every 10 seconds.